 Dungeon Crawl Stone Soup version 0.25.1-2-g60ff931df9 (webtiles) character file.

Game seed: 14443728425300846796

175 Garessta the Conjurer (level 5, -10/42 HPs)
             Began as a Naga Wizard on Oct 17, 2020.
             Mangled by an ogre
             ... wielding a +0 giant club
              (25 damage)
             ... on level 4 of the Dungeon.
             The game lasted 00:16:39 (3942 turns).

Garessta the Conjurer (Naga Wizard)                 Turns: 3942, Time: 00:16:40

Health: -10/42     AC:  2    Str:  9    XL:     5   Next: 55%
Magic:  1/9        EV: 10    Int: 19    God:
Gold:   130        SH:  0    Dex: 10    Spells: 2/10 levels left

rFire    . . .     SeeInvis +   c - staff of wizardry
rCold    . . .     Gourm    .   (no shield)
rNeg     . . .     Faith    .   a - +0 robe
rPois    +         Spirit   .   b - +0 hat
rElec    .         Reflect  .   f - scarf {harm}
rCorr    .         Harm     +   (no gloves)
MR       .....                  (no barding)
Stlth    ++........             (no amulet)
HPRegen  0.14/turn              (no ring)
MPRegen  0.11/turn              (no ring)

@: short of breath, very slow
A: large, see invisible, deformed body, poison resistance, slowness 2, slow
metabolism 1, spit poison 1, AC +1
a: Spit Poison


You were on level 4 of the Dungeon.
You were very hungry.

You visited 1 branch of the dungeon, and saw 4 of its levels.

You collected 130 gold pieces.

Inventory:

Armour
 a - a +0 robe (worn)
 b - a +0 hat (worn)
 f - a scarf of harm (worn)
Magical Staves
 c - an uncursed staff of wizardry (weapon)
Potions
 e - 3 potions of curing
 j - 2 potions of heal wounds
 k - a potion of brilliance
Comestibles
 d - 3 rations


   Skills:
 - Level 1.5 Dodging
 - Level 3.0 Stealth
 - Level 3.0 Spellcasting
 + Level 3.2 Conjurations
 - Level 1.0 Summonings
 - Level 2.2 Translocations
 + Level 2.1 Air Magic
 + Level 3.0 Poison Magic


You had 2 spell levels left.
You knew the following spells:

 Your Spells              Type           Power        Failure   Level  Hunger
a - Magic Dart            Conj           ###.         1%          1    None
b - Blink                 Tloc           N/A          3%          2    ##.....
c - Mephitic Cloud        Conj/Pois/Air  ##......     6%          3    ###....
i - Call Imp              Summ           #.......     6%          2    ##.....

Your spell library contained the following spells:

 Spells                   Type           Power        Failure   Level  Hunger
 Slow                     Hex            #.......     9%          2    ##.....
 Conjure Flame            Conj/Fire      #.......     10%         3    ###....


Dungeon Overview and Level Annotations

Branches:
Dungeon (4/15)
 Temple: D:4-7

Altars:
Gozag


Innate Abilities, Weirdness & Mutations

You cannot wear boots.
Your serpentine skin is tough. (AC +1)
You have supernaturally acute eyesight. (SInv)
Armour fits poorly on your strangely shaped body.
Your system is resistant to poisons. (rPois)
You cover ground very slowly.
You have a slow metabolism.
You can spit poison.


Message History

The crimson imp blinks!
Press: ? - help, Shift-Dir - straight line, f/p - gnoll
Aim: a gnoll (almost dead, confused)
The splash of poison hits the gnoll.
The gnoll is poisoned.
You kill the gnoll!
You feel slightly more hungry.
A worker ant comes into view.
Found a scroll labeled TUIGGE XYHO.
You aren't carrying any scrolls.
Okay, then.
Something closely misses the crimson imp.
You have got your breath back.
Press: ? - help, Shift-Dir - straight line, f - ogre
Aim: an ogre, wielding a +0 giant club The splash of poison hits the ogre.
The ogre is poisoned.
The ogre is moderately wounded.
You feel slightly more hungry.
The ogre hits you with a +0 giant club!!
Ouch! That really hurt!
You die...

......!...........#
...........[....
...>....5.###..#
......†...## ...
....[...a..# ..#
.#.........#.?.#
................
.....>..Os...#..
........@.....#
......#.........
.##...#.%.$#..(.
#....#.$###....
........# ... ...
...## .. ... ...#


You could see an ogre (poisoned), a worker ant, a crimson imp and a giant
cockroach.

Vanquished Creatures
  2 gnolls
  4 adders
  4 oozes
  2 worms (D:3)
  3 dart slugs
  4 orcs (D:3)
  7 giant cockroaches
  8 goblins
  8 hobgoblins
  7 bats
  5 kobolds
  6 rats
60 creatures vanquished.

Vanquished Creatures (collateral kills)
  A crimson imp (D:3)
  Terence (D:2)
2 creatures vanquished.

Grand Total: 62 creatures vanquished

Notes
Turn   | Place    | Note
-------+----------+-------------------------------------------
     0 | D:1      | Garessta the Naga Wizard began the quest for the Orb.
     0 | D:1      | Reached XP level 1. HP: 15/15 MP: 4/4
   218 | D:1      | Reached XP level 2. HP: 12/22 MP: 6/6
   421 | D:1      | Learned a level 2 spell: Blink
   986 | D:1      | Reached XP level 3. HP: 28/28 MP: 3/7
  1337 | D:2      | Noticed Terence
  1508 | D:1      | Learned a level 3 spell: Mephitic Cloud
  1511 | D:1      | Learned a level 2 spell: Call Imp
  1555 | D:2      | Killed Terence
  1602 | D:2      | Reached skill level 1 in Poison Magic
  1774 | D:2      | Reached skill level 1 in Air Magic
  1774 | D:2      | Reached XP level 4. HP: 36/36 MP: 3/8
  2754 | D:3      | Reached XP level 5. HP: 42/42 MP: 2/9
  3845 | D:4      | Found an opulent altar of Gozag.
  3849 | D:4      | Noticed an ogre
  3942 | D:4      | Mangled by an ogre

Illustrated notes

Levels and vault maps discovered:
D:1:      matt_arrival_grand_opening, layout_loops_ring,
          hangedman_decor_clover_reticule
D:2:      layout_basic, ebering_dispersal_statue_hall, interstate_on_off,
          uniq_terence
D:3:      layout_loops_ring
D:4:      layout_cave_pools, grunt_dithmenos_smoke, hangedman_ru_absence,
          overflow_temple_1_default, gup_sewer_entry_spiral,
          mrwooster_statue_mirror, minmay_ruined_shrine

Skill      XL: |  1  2  3  4  5 |
---------------+----------------+-----
Conjurations   | 2 3 |  3.2
Translocations | 2 |  2.2
Poison Magic   | 1 2 3 |  3.0
Air Magic      | 1 2 |  2.1
Dodging        | |  1.5
Stealth        | |  3.0
Spellcasting   | |  3.0
Summonings     | |  1.0

Action                   |  1- 3 |  4- 6 || total
-------------------------+-------+-------++-------
Melee: Dagger            |     5 |    16 ||    21
 Cast: Magic Dart        |    44 |    74 ||   118
       Blink             |     2 |     7 ||     9
       Call Imp          |     1 |     3 ||     4
       Mephitic Cloud    |       |     2 ||     2
 Abil: Spit Poison       |    15 |    25 ||    40
  Use: Scroll            |     5 |     2 ||     7
  Eat: Chunk             |     2 |     3 ||     5
       Ration            |       |     1 ||     1
Armor: Robe              |     1 |     7 ||     8
Dodge: Dodged            |     9 |    12 ||    21
